 Dungeon Crawl Stone Soup version 0.20.1-1-g8b1a95d (webtiles) character file.

39968 Monsterracer the Cleaver (level 13, 0/121 HPs)
             Began as a Deep Dwarf Fighter on Oct 27, 2017.
             Was a High Priest of Makhleb.
             Drowned by a drowned soul (9 damage)
             ... summoned by a merfolk avatar
             ... on level 6 of the Lair of Beasts.
             The game lasted 00:12:24 (8493 turns).

Monsterracer the Cleaver (Deep Dwarf Fighter)       Turns: 8493, Time: 00:12:25

Health: 0/121      AC: 24    Str: 26    XL:     13   Next: 72%
Magic:  10/10      EV: 10    Int:  8    God:    Makhleb [*****.]
Gold:   850        SH: 13    Dex: 12    Spells: 12/12 levels left

rFire    . . .     SeeInvis .   a - +3 war axe (chop)
rCold    . . .     Gourm    .   c - +0 shield
rNeg     . . .     Faith    .   y - +0 plate armour
rPois    .         Spirit   .   i - +2 hat
rElec    .         Reflect  .   u - +2 cloak
rCorr    .         Harm     .   t - +2 pair of gloves
MR       +....     Rnd*Tele +   (no boots)
Stlth    ..........             p - amulet of rage
Regen    0.0/turn               (no ring)
MPRegen  0.2/turn               (no ring)

@: mesmerised, non-regenerating, very slow
A: damage resistance, heal wounds, sense surroundings 2, teleportitis 1, wild
magic 1, no regeneration
a: Heal Wounds, Minor Destruction, Lesser Servant of Makhleb, Major Destruction,
Greater Servant of Makhleb, Renounce Religion, Evoke Berserk Rage


You were on level 6 of the Lair of Beasts.
You worshipped Makhleb.
Makhleb was extremely pleased with you.
You were hungry.

You visited 4 branches of the dungeon, and saw 17 of its levels.

You collected 850 gold pieces.

Inventory:

Hand Weapons
 a - a +3 war axe of chopping (weapon)
 b - a +0 flail
Armour
 c - a +0 shield (worn)
 i - a +2 hat (worn)
 t - a +2 pair of gloves (worn)
 u - a +2 cloak (worn)
 y - a +0 plate armour (worn)
 A - a +0 helmet
Jewellery
 p - an amulet of rage (around neck)
 q - an uncursed ring of fire
Wands
 w - a wand of clouds (1/9)
 x - a wand of digging (10/24)
 C - a wand of digging (11/24)
 E - a wand of iceblast (7/15)
 G - a wand of iceblast (6/15)
 I - a wand of iceblast (6/15)
Scrolls
 j - a scroll of enchant weapon
 o - 2 scrolls of remove curse
 r - 4 scrolls of fog
 v - 3 scrolls of teleportation
 z - a scroll of blinking
Potions
 d - 3 potions of brilliance
 e - a potion of magic
 k - 6 potions of curing
 l - 2 potions of flight
 m - a potion of cancellation
 n - a potion of heal wounds
 B - a potion of berserk rage
 F - a potion of might
 H - a potion of ambrosia
 J - 3 potions of agility
 L - a potion of invisibility
Comestibles
 f - 5 bread rations
 g - 3 royal jellies
 h - 4 meat rations
 D - a fruit


   Skills:
 + Level 9.1 Fighting
 * Level 14.6 Axes
 + Level 11.1 Armour
 - Level 6.4 Dodging
 + Level 11.1 Shields
 + Level 11.0 Invocations
 - Level 3.0 Evocations


You had 12 spell levels left.
You didn't know any spells.

Dungeon Overview and Level Annotations

Branches:
Dungeon (9/15)             Temple (1/1) D:6            Lair (6/6) D:9
 Shoals (1/4) Lair:4       Spider (0/4) Lair:3        Slime (0/5) Lair:5
    Orc: D:9-12

Altars:
Ashenzari
Cheibriados
Dithmenos
Elyvilon
Fedhas
Gozag
Kikubaaqudgha
Makhleb
Ru
Trog
Yredelemnul
The Shining One

Annotations:
Lair:1 exclusion: oklob plant


Innate Abilities, Weirdness & Mutations

You are resistant to damage.
You can heal yourself by infusing magical energy.
You passively map the area around you.
You do not regenerate.
You are occasionally teleported next to monsters.
Your spells are a little harder to cast, but a little more powerful.


Message History

The merfolk avatar is lightly wounded.
You hit the drowned soul but do no damage.
The merfolk avatar chants its luring song.
The drowned soul touches you. The drowned soul drowns you!
* * * LOW HITPOINT WARNING * * *
Unknown command.
You closely miss the merfolk avatar.
The merfolk avatar is lightly wounded.
You feel much better.
The merfolk avatar chants its luring song.
Your unstable footing causes you to fumble your attack.
The merfolk avatar chants its luring song.
You block the drowned soul's attack.
You slash the merfolk avatar!
The merfolk avatar is moderately wounded.
You slash the drowned soul!
The merfolk avatar chants its luring song.
The drowned soul touches you. The drowned soul drowns you!
* * * LOW HITPOINT WARNING * * *
Unknown command.
You feel much better.
The merfolk avatar chants its luring song.
The drowned soul touches you. The drowned soul drowns you!
* * * LOW HITPOINT WARNING * * *
The drowned soul touches you. The drowned soul drowns you!
* * * LOW HITPOINT WARNING * * *
Unknown command.
You feel much better.
The merfolk avatar chants its luring song.
Your unstable footing causes you to fumble your attack.
The merfolk avatar chants its luring song.
The drowned soul touches you. The drowned soul drowns you!
The drowned soul touches you. The drowned soul drowns you!
* * * LOW HITPOINT WARNING * * *
Unknown command.
You feel much better. The drowned soul touches you.
The drowned soul drowns you!
The merfolk avatar chants its luring song.
Put on which piece of jewellery? (? for menu, Esc to quit)
Okay, then.
You don't know any spells.
Unknown command.
You are too mesmerised to rage.
You are too mesmerised to rage.
You are too mesmerised to rage.
You hit the merfolk avatar but do no damage.
The merfolk avatar is moderately wounded.
You hit the merfolk avatar.
The merfolk avatar is moderately wounded.
The merfolk avatar chants its luring song.
You closely miss the merfolk avatar.
The merfolk avatar is moderately wounded.
The merfolk avatar chants its luring song.
Your unstable footing causes you to fumble your attack.
The drowned soul touches you. The drowned soul drowns you!
* * * LOW HITPOINT WARNING * * *
The drowned soul touches you. The drowned soul drowns you!
* * * LOW HITPOINT WARNING * * *
You closely miss the merfolk avatar.
The merfolk avatar is moderately wounded.
The merfolk avatar chants its luring song.
Unknown command.
Your magical essence is drained by the effort!
You feel much better.
The merfolk avatar chants its luring song.
The drowned soul touches you. The drowned soul drowns you!
* * * LOW HITPOINT WARNING * * *
You hit the merfolk avatar.
The merfolk avatar is moderately wounded.
You slash the drowned soul!
The merfolk avatar chants its luring song.
The drowned soul touches you. The drowned soul drowns you!
* * * LOW HITPOINT WARNING * * *
You slash the merfolk avatar!
The merfolk avatar is heavily wounded.
The merfolk avatar chants its luring song.
You closely miss the merfolk avatar.
The merfolk avatar is heavily wounded.
Your unstable footing causes you to fumble your attack.
The merfolk avatar chants its luring song.
Your unstable footing causes you to fumble your attack.
The merfolk avatar chants its luring song.
The drowned soul touches you. The drowned soul drowns you!
* * * LOW HITPOINT WARNING * * *
Unknown command.
You feel much better.
The merfolk avatar chants its luring song.
Evoke which item? (* to show all) (? for menu, Esc to quit)
Aiming: Cloud Cone (will waste charges)
Press: ? - help, Dir - move target cursor, f - drowned soul
Aim: a drowned soul (summoned)
You create a blast of freezing vapour!
Evoking this partially-identified wand wasted a few charges.
The plant is engulfed in freezing vapours.
The drowned soul touches you. The drowned soul drowns you!
* * * LOW HITPOINT WARNING * * *
The drowned soul touches you. The drowned soul drowns you!
* * * LOW HITPOINT WARNING * * *
The drowned soul touches you. The drowned soul drowns you!
You die...

≈ ≈ #≈≈##≈.#. , ≈ * ≈ ≈
#≈≈≈≈≈#.. , , ≈
≈##############≈≈≈≈.#÷. ≈
#8≈≈≈≈≈≈≈≈≈≈8#≈≈##.... *
≈ #≈≈§§§P§≈P≈≈≈#≈≈##≈.#.
,, ,
#≈≈≈§§§≈≈≈≈≈P#≈≈≈≈.#(. ,
≈≈#≈≈≈§§§)$≈≈≈≈#≈≈≈≈...#
,
,≈#.≈P≈≈§m≈%≈≈≈≈#≈≈....##
*,,, *
#.≈≈≈≈@≈≈!≈≈≈≈.#≈.#..#. ,
≈≈
≈≈.≈≈#≈=/$/≈#P≈.≈≈≈P....
** , ≈
≈≈#P≈≈≈≈≈≈≈≈P≈≈#≈≈≈≈..#.
,,,,, ≈
#≈≈≈≈≈P≈≈≈P≈≈#≈≈##≈.#. ,
, *
#8≈≈≈≈≈≈≈≈≈≈8#≈≈.#≈≈## #.
, #####≈≈≈≈#####≈≈≈≈≈#.#
... , * ≈≈P≈≈P≈ *≈≈≈≈≈...
.P##. ≈**≈ ≈≈≈≈88≈≈≈
*P≈##≈≈.. ..... ≈*
#≈≈≈≈≈≈≈≈≈≈≈ ....


You could see a merfolk avatar.

Vanquished Creatures
  Nessos (Lair:5)
  Snorg (Lair:3)
  Harold (Lair:3)
  The ghost of othur the Severer, a novice MiCK of Xom (D:8)
  2 two-headed ogres (D:8)
  5 death yaks (Lair:4)
  A fire crab (Lair:6)
  A harpy (Lair:6)
  5 black mambas
  16 elephants
  The ghost of profreshinal the Ruffian, a novice NaTm of Ru (D:5)
  A torpor snail (Lair:5)
  10 spiny frogs
  6 komodo dragons
  A rime drake (Lair:6)
  A troll (D:9)
  4 polar bears
  2 wind drakes (Lair:6)
  2 hornets (Lair:6)
  7 hippogriffs
  A slime creature (Lair:5)
  The ghost of Irenicus the Insei, an amateur OpCK of Xom (D:3)
  A snapping turtle (Lair:4)
  5 blink frogs
  3 dream sheep (Lair:5)
  A spriggan (D:7)
  4 wyverns
  A redback (Lair:3)
  4 basilisks
  41 yaks
  A hungry ghost (D:8)
  Menkaure (D:4)
  8 water moccasins
  8 porcupines
  3 orc warriors
  A phantom (D:8)
  5 black bears
  3 ice beasts
  2 sky beasts
  3 ogres
  17 crocodiles
  2 centaurs
  A big kobold (D:7)
  7 bullfrogs
  A water moccasin zombie (D:5)
  A scorpion (D:4)
  4 killer bees (D:8)
  2 electric eels (D:8)
  A howler monkey (D:5)
  4 crimson imps
  A centaur zombie (D:7)
  3 hounds
  8 jellies
  Crazy Yiuf (D:7)
  4 orc priests
  An iguana (D:6)
  7 worker ants
  2 hound skeletons (D:7)
  4 adders
  3 shadow imps
  8 oozes (Lair:1)
  An adder zombie (D:7)
  3 worms
  5 leopard geckos
  19 orcs
  5 giant cockroaches
  3 goblins (D:3)
  4 hobgoblins
  6 jackals
  2 quokkas (D:6)
  2 frilled lizards
  5 kobolds
  A quokka skeleton (D:6)
  6 rats
  4 fungi
  9 plants
323 creatures vanquished.

Vanquished Creatures (collateral kills)
  A spiny frog (Lair:5)
  2 slime creatures (Lair:5)
  2 blink frogs (Lair:5)
5 creatures vanquished.

Vanquished Creatures (others)
  8 fungi
  3 plants
11 creatures vanquished.

Grand Total: 339 creatures vanquished

Notes
Turn   | Place    | Note
-------+----------+-------------------------------------------
     0 | D:1      | Monsterracer the Deep Dwarf Fighter began the quest for the Orb.
     0 | D:1      | Reached XP level 1. HP: 20/20 MP: 1/1
   118 | D:2      | Reached XP level 2. HP: 21/27 MP: 2/2
   280 | D:3      | Reached skill level 3 in Axes
   280 | D:3      | Reached XP level 3. HP: 8/34 MP: 3/3
   361 | D:3      | Noticed Irenicus's ghost (amateur OpCK)
   380 | D:3      | Killed Irenicus's ghost
   380 | D:3      | Reached skill level 4 in Axes
   380 | D:3      | Reached skill level 1 in Dodging
   380 | D:3      | Reached XP level 4. HP: 6/42 MP: 3/3
   380 | D:3      | Reached XP level 5. HP: 7/49 MP: 4/4
   541 | D:4      | Reached XP level 6. HP: 40/56 MP: 4/4
   606 | D:4      | Got a smoking ring mail
   670 | D:4      | Noticed Menkaure
   677 | D:4      | Killed Menkaure
   682 | D:4      | Reached skill level 5 in Axes
   684 | D:4      | Reached skill level 5 in Shields
   726 | D:4      | Reached XP level 7. HP: 43/63 MP: 5/5
   881 | D:5      | Entered Level 5 of the Dungeon
   881 | D:5      | Noticed profreshinal's ghost (novice NaTm)
   893 | D:5      | Killed profreshinal's ghost
   893 | D:5      | Reached skill level 5 in Armour
   914 | D:5      | Reached skill level 6 in Axes
   987 | D:5      | Identified the +1 ring mail of Mezcal {rF- Regen+ Int+6 Slay+2} (You found it on level 4 of the Dungeon)
  1094 | D:5      | Reached XP level 8. HP: 56/72 MP: 6/6
  1289 | D:5      | Reached skill level 7 in Axes
  1470 | D:5      | Found a sacrificial altar of Ru.
  1470 | D:5      | Found a glowing golden altar of the Shining One.
  2138 | D:6      | Found a staircase to the Ecumenical Temple.
  2154 | Temple   | Entered the Ecumenical Temple
  2178 | Temple   | Became a worshipper of Makhleb the Destroyer
  2498 | D:7      | Reached skill level 5 in Fighting
  2515 | D:7      | Reached skill level 1 in Invocations
  2595 | D:7      | Gained mutation: You passively map the area around you. [Deep Dwarf growth]
  2595 | D:7      | Reached XP level 9. HP: 55/81 MP: 5/7
  2606 | D:7      | Gained mutation: Your spells are a little harder to cast, but a little more powerful. [mutagenic meat]
  2607 | D:7      | Gained mutation: You are occasionally teleported next to monsters. [mutagenic meat]
  2631 | D:7      | Reached skill level 8 in Axes
  3065 | D:7      | Found a runed door.
  3202 | D:7      | Noticed Crazy Yiuf
  3207 | D:7      | Killed Crazy Yiuf
  3408 | D:8      | Noticed a two-headed ogre
  3410 | D:8      | Reached skill level 5 in Dodging
  3429 | D:8      | Killed a two-headed ogre
  3539 | D:8      | Reached skill level 9 in Axes
  3543 | D:8      | Reached * piety under Makhleb
  3652 | D:8      | Noticed a two-headed ogre
  3663 | D:8      | Killed a two-headed ogre
  3663 | D:8      | Reached XP level 10. HP: 38/91 MP: 9/9
  3664 | D:8      | Noticed othur's ghost (novice MiCK)
  3674 | D:8      | Killed othur's ghost
  3674 | D:8      | Reached skill level 5 in Invocations
  3924 | D:9      | Reached skill level 10 in Axes
  3942 | D:9      | Found a staircase to the Lair.
  3966 | D:9      | Reached ** piety under Makhleb
  4001 | Lair:1   | Entered Level 1 of the Lair of Beasts
  4062 | Lair:1   | Noticed a spiny frog
  4063 | Lair:1   | Noticed a spiny frog
  4065 | Lair:1   | Noticed a black mamba
  4076 | Lair:1   | Killed a spiny frog
  4076 | Lair:1   | Killed a spiny frog
  4083 | Lair:1   | Killed a black mamba
  4223 | Lair:1   | Noticed a spiny frog
  4234 | Lair:1   | Killed a spiny frog
  4234 | Lair:1   | Reached XP level 11. HP: 26/99 MP: 9/9
  4513 | Lair:1   | Noticed an oklob plant
  4639 | Lair:2   | Reached skill level 11 in Axes
  4687 | Lair:2   | Reached *** piety under Makhleb
  5431 | Lair:3   | Noticed Snorg
  5445 | Lair:3   | Killed Snorg
  5464 | Lair:3   | Reached skill level 12 in Axes
  5622 | Lair:3   | Found a hole to the Spider Nest.
  5769 | Lair:3   | Noticed Harold
  5807 | Lair:3   | Killed Harold
  5807 | Lair:3   | Reached XP level 12. HP: 66/109 MP: 9/9
  6217 | Lair:4   | Noticed a death yak
  6217 | Lair:4   | Noticed a death yak
  6221 | Lair:4   | Noticed a death yak
  6222 | Lair:4   | Noticed a death yak
  6229 | Lair:4   | Killed a death yak
  6229 | Lair:4   | Reached **** piety under Makhleb
  6236 | Lair:4   | Noticed a death yak
  6238 | Lair:4   | Killed a death yak
  6247 | Lair:4   | Killed a death yak
  6256 | Lair:4   | Killed a death yak
  6277 | Lair:4   | Killed a death yak
  6278 | Lair:4   | Reached skill level 10 in Shields
  6375 | Lair:4   | Got a faintly glowing robe
  6445 | Lair:4   | Reached skill level 13 in Axes
  6474 | Lair:4   | Got an iridescent hunting sling
  6611 | Lair:4   | Reached skill level 10 in Armour
  6611 | Lair:4   | Reached skill level 1 in Evocations
  6683 | Lair:4   | Found a staircase to the Shoals.
  6867 | Shoals:1 | Entered Level 1 of the Shoals
  7252 | Lair:5   | Reached skill level 10 in Invocations
  7349 | Lair:5   | Noticed Nessos
  7368 | Lair:5   | Killed Nessos
  7391 | Lair:5   | Reached XP level 13. HP: 93/118 MP: 10/10
  7659 | Lair:5   | Found a staircase to the Slime Pits.
  7669 | Lair:5   | Reached ***** piety under Makhleb
  7993 | Lair:6   | Entered Level 6 of the Lair of Beasts
  8042 | Lair:6   | Reached skill level 14 in Axes
  8073 | Lair:6   | Paralysed by a hornet for 1 turns
  8472 | Lair:6   | HP: 5/121 [drowned by a drowned soul[a merfolk avatar] (9)]
  8493 | Lair:6   | Drowned by a drowned soul

Skill      XL: |  1  2  3  4  5  6  7  8  9 10 11 12 13 |
---------------+----------------------------------------+-----
Fighting       | 3 4 5 6 7 8 9 |  9.1
Axes           | 3 4 5 6 7 9 10 12 13 14 | 14.6
Armour         | 4 5 6 7 8 9 10 11 | 11.1
Dodging        | 1 2 3 4 6 |  6.4
Shields        | 4 5 6 7 8 9 10 11 | 11.1
Invocations    | 1 4 6 8 10 11 | 11.0
Evocations     | 3 |  3.0

Action                   |  1- 3 |  4- 6 |  7- 9 | 10-12 | 13-15 || total
-------------------------+-------+-------+-------+-------+-------++-------
Melee: War axe           |    67 |    72 |   248 |   557 |   245 ||  1189
 Abil: Heal Wounds       |     2 |     3 |     8 |    19 |     6 ||    38
       Evoke Berserk Rag |       |       |       |     1 |       ||     1
Evoke: Wand              |       |       |       |       |     1 ||     1
  Use: Potion            |       |     1 |     1 |     1 |       ||     3
       Scroll            |       |       |    11 |    13 |     2 ||    26
 Stab: Sleeping          |       |       |     2 |       |       ||     2
       Distracted        |       |       |       |       |     1 ||     1
  Eat: Chunk             |       |       |     6 |    11 |     3 ||    20
       Bread ration      |       |       |     1 |       |       ||     1
       Meat ration       |       |       |     1 |       |       ||     1
       Fruit             |       |       |       |     1 |       ||     1
Armor: Scale mail        |    22 |    35 |     6 |       |       ||    63
       Chain mail        |    15 |       |       |       |       ||    15
       Ring mail         |       |       |    58 |    21 |       ||    79
       Plate armour      |       |       |       |   252 |   225 ||   477
Dodge: Dodged            |    14 |    22 |    83 |   188 |   102 ||   409
Block: Shield            |    43 |    57 |   119 |   331 |   193 ||   743

Vault maps used:
D:1:      nicolae_arrival_memento_mori, roderic_aztec_sauvastika
D:2:      first_bread, nicolae_ru_sacrificial_ziggurat
D:4:      uniq_menkaure
D:5:      kennysheep_six_static_rooms, gammafunk_temple_overflow_elements,
          st_stairs_4
D:6:      minmay_temple_entry_large_hall, hangedman_decor_growths,
          kennysheep_generic_room_8
D:7:      the_bakery, hangedman_abyss_or_decor_stagger, uniq_crazy_yiuf_cottage
D:8:      nemelex_xobeh_ov_fountains_minmay, kennysheep_island_fort
D:9:      grunt_lair_entry_orc_guard_hut, kennysheep_generic_room_10
Temple:   eino_narrow_crystal_temple
Lair:1:   lemuel_slime, grunt_megastairs_1
Lair:2:   st_stairs_9, beast_lair_carwin_2, grunt_megastairs_3
Lair:3:   spider_nest_entry_webs, uniq_snorg, uniq_harold
Lair:4:   beast_lair_carwin_large_2, minmay_shoals_entry_hut
Lair:5:   minmay_slime_entry_pillars, wad_woods_river_04, uniq_nessos
Lair:6:   gammafunk_lair_ancient_temple, st_stairs_7, disabler_island
Shoals:1: nicolae_shoals_undead_eyrie
